 Dungeon Crawl Stone Soup version 0.30.0-19-g36f170ea60 (webtiles) character file.

Game seed: 8758339033080628123

40861 Hubris850 the Warrior (level 13, -14/132 HPs)
             Began as a Minotaur Fighter on May 30, 2023.
             Was a High Priest of Makhleb.
             Demolished by Snorg (16 damage)
             ... on level 4 of the Lair of Beasts.
             The game lasted 00:58:46 (13629 turns).

Hubris850 the Warrior (Minotaur Fighter)           Turns: 13629, Time: 00:58:47

Health: -14/132    AC: 10    Str: 32    XL:     13   Next: 76%
Magic:  19/19      EV: 10    Int:  5    God:    Makhleb [*****.]
Gold:   978        SH:  7    Dex:  5    Spells: 12/12 levels left

rFire   . . .        a - +5 broad axe (heavy)
rCold   . . .        c - +3 buckler
rNeg    . . .        T - +0 acid dragon scales
rPois   +            (helmet restricted)
rElec   .            M - scarf {repulsion}
rCorr   +            j - +0 pair of gloves
SInv    +            w - +0 pair of boots
Will    +....        L - amulet of regeneration Stlth
                     s - ring of poison resistance
HPRegen 1.22/turn    R - ring of Jat Pear {Will+ rCorr Str+6 Dex-5 SInv}
MPRegen 0.16/turn

%: repel missiles
@: no status effects
A: horns 2, retaliatory headbutt
a: Renounce Religion, Minor Destruction, Lesser Servant of Makhleb, Major
Destruction, Greater Servant of Makhleb


You were on level 4 of the Lair of Beasts.
You worshipped Makhleb.
Makhleb was extremely pleased with you.
You visited 3 branches of the dungeon, and saw 17 of its levels.
You also visited: Sewer and Bailey.

You collected 978 gold pieces.

Inventory:

Hand Weapons
 a - a +5 heavy broad axe (weapon)
 b - the +9 staff of Olgreb {rPois∞}
   (You found it on level 10 of the Dungeon)

   It enhances your poison magic.
   It grants immunity to poison.
   It can be activated via the 'a'bility menu to radiate toxic energy, with
   effectiveness depending on Evocations skill.
 t - a +3 war axe of flaming
Missiles
 m - 41 poisoned darts (quivered)
 I - 6 javelins
 Q - a boomerang
 V - a curare-tipped dart
Armour
 c - a +3 buckler (worn)
 j - a +0 pair of gloves (worn)
 l - a scarf of invisibility
 w - a +0 pair of boots (worn)
 M - a scarf of repulsion (worn)
 T - +0 acid dragon scales (worn)
Jewellery
 e - a +4 ring of protection
 s - a ring of poison resistance (left hand)
 C - a +6 ring of dexterity
 L - an amulet of regeneration (around neck)
 R - the ring of Jat Pear (right hand) {Will+ rCorr Str+6 Dex-5 SInv}
   (You found it on level 8 of the Dungeon)

   [ring of strength]

   Str:       It affects your strength (+6).
   Dex:       It affects your dexterity (-5).
   SInv:      It lets you see invisible.
   rCorr:     It protects you from acid and corrosion.
   Will:      It increases your willpower.
Wands
 n - a wand of roots (40)
 D - a wand of flame (50)
 P - a wand of quicksilver (1)
 S - a wand of mindburst (8)
Scrolls
 f - 5 scrolls of fog
 p - 10 scrolls of teleportation
 q - 3 scrolls of identify
 r - a scroll of enchant weapon
 F - 6 scrolls of magic mapping
 H - a scroll of fear
 Y - a scroll of blinking
 Z - a scroll of summoning {unknown}
Potions
 d - a potion of lignification {unknown}
 h - 3 potions of ambrosia
 k - 4 potions of curing
 o - a potion of flight {unknown}
 v - 5 potions of heal wounds
 z - 2 potions of berserk rage {unknown}
 E - 2 potions of resistance
 J - 5 potions of haste {unknown}
 X - 5 potions of might
Miscellaneous
 g - a phial of floods
 i - a phantom mirror


   Skills:
 - Level 17.0 Fighting
 - Level 16.0 Axes
 - Level 10.0 Throwing
 - Level 6.0 Armour
 - Level 5.0 Shields
 - Level 10.0 Invocations
 + Level 8.7 Evocations


You had 12 spell levels left.
You didn't know any spells.
Your spell library contained the following spells:

 Spells                   Type           Power      Damage    Failure   Level
 Necrotise                Necr           0%         1d4       56%         1
 Lesser Beckoning         Tloc           0%         N/A       71%         2
 Sublimation of Blood     Necr           0%         N/A       71%         2
 Gell's Gravitas          Tloc           0%         N/A       91%         3
 Ignite Poison            Fire/Tmut/Pois 0%         N/A       91%         3
 Portal Projectile        Hex/Tloc       0%         N/A       91%         3
 Summon Guardian Golem    Hex/Summ       0%         N/A       91%         3
 Teleport Other           Tloc           0%         N/A       91%         3
 Tukima's Dance           Hex            0%         N/A       91%         3
 Vampiric Draining        Necr           0%         2d6       91%         3
 Petrify                  Tmut/Erth      0%         N/A       100%        4
 Sticky Flame             Conj/Fire      0%         2d3       100%        4
 Agony                    Necr           0%         N/A       100%        5
 Blade Hands              Tmut           0%         N/A       100%        5
 Irradiate                Conj/Tmut      0%         3d11      100%        5
 Orb of Destruction       Conj           0%         9d5       100%        7
 Spellforged Servitor     Conj/Summ      0%         N/A       100%        7
 Ignition                 Fire           0%         3d3       100%        8


Dungeon Overview and Level Annotations

Branches:
Dungeon (11/15)            Temple (1/1) D:6            Lair (5/5) D:10
  Swamp (0/4) Lair:2       Spider (0/4) Lair:3          Orc (0/2) D:9
  Sewer (visited)          Bailey (visited)
  Slime: Lair:4-5

Altars:
Ashenzari
Cheibriados
Dithmenos
Fedhas
Kikubaaqudgha
Makhleb
Okawaru
Ru
Uskayaw
Vehumet
Wu Jian
Zin
The Shining One

Shops:
D:1 !

Annotations:
D:9 2 transporters, wolfgangpup's ghost, journeyman DsEE
Lair:4 Snorg


Innate Abilities, Weirdness & Mutations

You have a pair of horns on your head.
You reflexively headbutt those who attack you in melee.


Message History

Snorg is lightly wounded.
You slash the yak!
You kill the yak!
Makhleb accepts your kill.
You feel better.
You chop the elephant into pieces!!! Snorg bites you but does no damage.
Snorg claws you. Snorg claws you! The elephant tramples you!
You hold your ground!
The elephant trunk-slaps you but does no damage.
Snorg bites you. Snorg claws you. Snorg claws you but does no damage.
You slice Snorg!!
Snorg is moderately wounded.
You slice the elephant!! Snorg closely misses you. Snorg claws you.
Snorg claws you!
The elephant tramples you but does no damage.
The elephant trunk-slaps you but does no damage.
You slice Snorg!!
Snorg is heavily wounded.
You cut the elephant into ribbons!!!
You kill the elephant!
Makhleb accepts your kill. Snorg bites you! Snorg claws you but does no damage.
Snorg claws you. Snorg bites you but does no damage. Snorg claws you!
Snorg claws you but does no damage.
You open Snorg like a pillowcase!!! You headbutt Snorg.
Snorg is severely wounded.
Snorg bites you but does no damage. Snorg claws you. You block Snorg's attack.
Snorg bites you! Snorg claws you.
* * * LOW HITPOINT WARNING * * *
Snorg claws you.
* * * LOW HITPOINT WARNING * * *
You hit Snorg.
Snorg is severely wounded.
Snorg bites you!
* * * LOW HITPOINT WARNING * * *
Snorg claws you!
* * * LOW HITPOINT WARNING * * *
Snorg claws you!
* * * LOW HITPOINT WARNING * * *
Snorg bites you!
You die...

...................#
..................P#
.........#...#.....#
.........##....#..P#
.###.....##...#...##
## #.....#....#...#
####......#....#..#
.##......#....##..##
...#.....#.....T@..##
...............#†.#.#
####.......##.#....##
###.......#...##..##
##.................#
..................##
...................#
...................#
.......#####..#.#..#


You could see Snorg (berserk).

Vanquished Creatures
  A reaper (Lair:4)
  The ghost of superbruh the Blocker, a journeyman GrFi of the Shining One (Lair:2)
  Harold (D:9)
  The ghost of Fractals the Hand of Shadow, a journeyman DEEn of Dithmenos (Lair:4)
  A hydra (Lair:2)
  2 ghost crabs (Lair:2)
  Erica (D:8)
  A centaur warrior (D:11)
  4 two-headed ogres
  3 death yaks (Lair:4)
  4 wolf spiders (D:10)
  9 elephants
  7 black mambas
  Maggie (D:8)
  A rime drake (Lair:4)
  Psyche (D:8)
  5 komodo dragons
  7 cane toads
  A spectral skyshark (Lair:2)
  A polar bear (Lair:3)
  A troll (D:10)
  Grinder (D:5)
  2 hornets (D:10)
  2 wraiths (D:9)
  3 culicivoras (Lair:3)
  54 yaks
  4 fire bats (D:9)
  4 wyverns
  7 redbacks (D:10)
  A human (Lair:4)
  5 basilisks
  Edmund (D:5)
  16 water moccasins
  A hell hound (D:9)
  4 black bears
  3 sky beasts
  2 orc warriors
  5 ice beasts
  3 ogres
  A spectral blink frog (Lair:2)
  A centaur (D:6)
  A phantom (D:6)
  9 wolves
  2 kobold brigands
  A gnoll sergeant (D:6)
  7 bullfrogs
  2 scorpions
  8 wights
  21 killer bees
  An electric eel (D:8)
  2 lava snakes (D:9)
  Crazy Yiuf (D:5)
  2 jellies
  4 orc priests
  A hound (D:4)
  A sleepcap (D:4)
  A gnoll bouda (D:7)
  8 orc wizards
  Natasha (thrice) (D:3)
  5 iguanas
  A hell rat (Sewer)
  Terence (D:2)
  2 centaur simulacra (D:8)
  23 gnolls
  8 adders
  2 river rats (Sewer)
  3 white imps
  3 ufetubi
  A worm (D:5)
  2 dart slugs
  40 orcs
  7 bats
  9 endoplasms
  13 goblins
  5 hobgoblins
  2 jackals (D:2)
  18 kobolds
  4 quokkas
  5 ball pythons
  8 frilled lizards
  8 rats
  2 fire vortices (D:9)
421 creatures vanquished.

Vanquished Creatures (others)
  A fire vortex (D:9)
1 creature vanquished.

Grand Total: 422 creatures vanquished

Notes
Turn   | Place    | Note
-------+----------+-------------------------------------------
     0 | D:1      | Hubris850 the Minotaur Fighter began the quest for the Orb.
     0 | D:1      | Reached XP level 1. HP: 19/19 MP: 0/0
   108 | D:1      | Reached XP level 2. HP: 25/27 MP: 1/1
   264 | D:1      | Found Kohyul's Distillery.
   430 | D:1      | Reached skill level 4 in Fighting
   461 | D:1      | Reached XP level 3. HP: 33/33 MP: 2/2
   954 | D:2      | Noticed Terence
   961 | D:2      | Killed Terence
  1023 | D:2      | Reached XP level 4. HP: 40/40 MP: 3/3
  1321 | D:3      | Found a faded altar of an unknown god.
  1390 | D:3      | Found a glowing drain.
  1408 | Sewer    | Entered a sewer
  1548 | Sewer    | Reached XP level 5. HP: 22/46 MP: 4/4
  1658 | D:3      | Noticed Natasha
  1666 | D:3      | Killed Natasha
  1667 | D:3      | Reached skill level 5 in Armour
  1667 | D:3      | Reached skill level 5 in Shields
  1790 | D:3      | Noticed Natasha
  1794 | D:3      | Killed Natasha
  1867 | D:3      | Noticed Natasha
  1876 | D:3      | Killed Natasha
  2026 | D:3      | Identified a scroll of acquirement
  2027 | D:3      | Acquired a manual of Fighting
  2148 | D:4      | Reached skill level 5 in Axes
  2148 | D:4      | Reached XP level 6. HP: 49/52 MP: 5/5
  2498 | D:4      | Found a glowing silver altar of Zin.
  3180 | D:5      | Entered Level 5 of the Dungeon
  3222 | D:5      | Reached skill level 5 in Fighting
  3356 | D:5      | Reached skill level 6 in Fighting
  3356 | D:5      | Reached XP level 7. HP: 64/64 MP: 6/6
  3390 | D:5      | Reached skill level 7 in Fighting
  3487 | D:5      | Noticed Edmund
  3500 | D:5      | Killed Edmund
  3507 | D:5      | Reached skill level 8 in Fighting
  3644 | D:5      | Noticed Grinder
  3685 | D:5      | Killed Grinder
  3686 | D:5      | Reached skill level 9 in Fighting
  3686 | D:5      | Reached XP level 8. HP: 64/79 MP: 7/7
  3850 | D:5      | Reached skill level 10 in Fighting
  3944 | D:5      | Found a runed translucent door.
  3945 | D:5      | Noticed Crazy Yiuf
  3950 | D:5      | Killed Crazy Yiuf
  4025 | D:6      | Reached skill level 11 in Fighting
  4144 | D:6      | Reached skill level 12 in Fighting
  4169 | D:6      | Found a hide-covered altar of Uskayaw.
  4223 | D:6      | Found a radiant altar of Vehumet.
  4332 | D:6      | Found a blossoming altar of Fedhas.
  4335 | D:6      | Found a glowing golden altar of the Shining One.
  4338 | D:6      | Found a shadowy altar of Dithmenos.
  4338 | D:6      | Found a sacrificial altar of Ru.
  4344 | D:6      | Reached XP level 9. HP: 91/91 MP: 8/8
  4369 | D:6      | Found a broken altar of Ashenzari.
  4378 | D:6      | Reached skill level 10 in Axes
  4551 | D:6      | Found a staircase to the Ecumenical Temple.
  4565 | Temple   | Entered the Ecumenical Temple
  4571 | Temple   | Became a worshipper of Makhleb the Destroyer
  4604 | D:7      | Reached skill level 13 in Fighting
  5052 | D:7      | Reached skill level 14 in Fighting
  5199 | D:7      | Reached * piety under Makhleb
  5272 | D:8      | Noticed Erica
  5285 | D:8      | Killed Erica
  5286 | D:8      | Reached skill level 15 in Fighting
  5372 | D:8      | Reached XP level 10. HP: 95/106 MP: 9/9
  5618 | D:8      | Reached skill level 16 in Fighting
  5636 | D:8      | Identified the ring of Jat Pear {Will+ rCorr Str+6 Dex-5
                  | SInv}
  5664 | D:8      | Noticed Maggie
  5686 | D:8      | Killed Maggie
  5728 | D:8      | Noticed Psyche
  5733 | D:8      | Reached ** piety under Makhleb
  5739 | D:8      | Killed Psyche
  6052 | D:9      | Noticed a two-headed ogre
  6054 | D:9      | Noticed Harold
  6063 | D:9      | Killed a two-headed ogre
  6064 | D:9      | Reached skill level 17 in Fighting
  6090 | D:9      | Killed Harold
  6230 | D:9      | Found a transporter.
  6235 | D:9      | Noticed wolfgangpup's ghost (journeyman DsEE)
  6268 | D:9      | Found a transporter.
  6339 | D:9      | Found a staircase to the Orcish Mines.
  6522 | D:9      | Reached skill level 15 in Axes
  6522 | D:9      | Reached XP level 11. HP: 117/117 MP: 10/10
  6634 | D:9      | Noticed a two-headed ogre
  6667 | D:9      | Killed a two-headed ogre
  6767 | D:9      | Reached *** piety under Makhleb
  7040 | D:10     | Entered Level 10 of the Dungeon
  7069 | D:9      | Reached skill level 1 in Throwing
  7069 | D:9      | Reached skill level 1 in Invocations
  7176 | D:10     | Found a flagged portal.
  7189 | Bailey   | Entered a bailey
  7409 | Bailey   | Reached **** piety under Makhleb
  7546 | D:10     | Noticed a two-headed ogre
  7557 | D:10     | Killed a two-headed ogre
  7696 | D:10     | Found the +9 staff of Olgreb {rPois∞}
  7701 | D:10     | Found a runed translucent door.
  7706 | D:10     | Noticed a wolf spider
  7707 | D:10     | Found a runed translucent gate.
  7707 | D:10     | Found a runed translucent gate.
  7707 | D:10     | Noticed a wolf spider
  7708 | D:10     | Found a runed translucent door.
  7718 | D:10     | Found a runed translucent gate.
  7722 | D:10     | Noticed a wolf spider
  7725 | D:10     | Noticed a wolf spider
  7879 | D:10     | Reached skill level 5 in Throwing
  7879 | D:10     | Reached skill level 5 in Invocations
  7904 | D:10     | Found a staircase to the Lair.
  8275 | D:11     | Noticed a centaur warrior
  8280 | D:11     | Killed a centaur warrior
  8520 | D:11     | Noticed a two-headed ogre
  8526 | D:11     | Killed a two-headed ogre
  8527 | D:11     | Reached XP level 12. HP: 99/125 MP: 15/15
  8668 | Lair:1   | Entered Level 1 of the Lair of Beasts
  9212 | Lair:1   | Reached ***** piety under Makhleb
  9856 | D:10     | HP: 5/125 [black mamba (2)]
 10042 | D:10     | Paralysed by a hornet for 3 turns
 10316 | Lair:2   | Reached skill level 1 in Evocations
 10333 | Lair:2   | Found a staircase to the Swamp.
 10333 | Lair:2   | Noticed a ghost crab
 10333 | Lair:2   | Noticed a ghost crab
 10576 | Lair:2   | Reached XP level 13. HP: 73/130 MP: 19/19
 11133 | Lair:2   | Found a runed translucent door.
 11138 | Lair:2   | Noticed superbruh's ghost (journeyman GrFi)
 11159 | Lair:2   | Killed superbruh's ghost
 11239 | Lair:2   | Reached skill level 10 in Throwing
 11239 | Lair:2   | Reached skill level 10 in Invocations
 12046 | Lair:3   | Found a frozen archway.
 12061 | Lair:3   | Reached skill level 5 in Evocations
 12308 | Lair:3   | Found a hole to the Spider Nest.
 12697 | Lair:4   | Found a runed translucent gate.
 12697 | Lair:4   | Found a runed translucent gate.
 12699 | Lair:4   | Found a runed translucent gate.
 12703 | Lair:4   | Noticed Fractals's ghost (journeyman DEEn)
 12711 | Lair:4   | Killed Fractals's ghost
 13486 | Lair:4   | Found a runed translucent door.
 13500 | Lair:4   | Noticed a reaper
 13511 | Lair:4   | Killed a reaper
 13616 | Lair:5   | Entered Level 5 of the Lair of Beasts
 13619 | Lair:5   | Noticed Snorg
 13629 | Lair:4   | HP: 2/132 [Snorg (14)]
 13629 | Lair:4   | Demolished by Snorg

Illustrated notes

Levels and vault maps discovered:
D:1:      shiori_arrival_oz, layout_basic, serial_shops,
          nicolae_shop_industrial_runoff
D:2:      layout_rooms, uniq_terence
D:3:      layout_basic, portal_sewer_entry_d,
          hellmonk_ecumenical_altar_slurped_away, minmay_quantized, uniq_natasha
D:4:      layout_basic, general_overflow_altar, serial_bayou_pond_b,
          chequers_serial_rivers_small_a
D:5:      layout_rooms, minmay_misc_feat_tower, kennysheep_dice, uniq_grinder,
          uniq_edmund, uniq_crazy_yiuf_cottage
D:6:      layout_rooms, nicolae_uskayaw_murder_on_the_dancefloor,
          nicolae_vehumet_radiance, nicolae_overflow_hallway_of_the_gods,
          minmay_temple_entry_proselytizer, minmay_crossroads
D:7:      layout_basic, serial_park_tiny_1
D:8:      layout_cave_pools, serial_ice, serial_ice_h, serial_ice_a,
          serial_ice_j, serial_ice_m, serial_ice_n, serial_ice_d, uniq_maggie,
          uniq_psyche, uniq_erica
D:9:      layout_loops_ring, orc_0_dummy, gammafunk_ghost_stat_death,
          hangedman_incinerator, uniq_harold
D:10:     layout_loops_ring, minmay_lair_entry_grove, enter_bailey_3,
          minmay_guarded_unrand_staff_of_olgreb
D:11:     layout_roguey
Temple:   nicolae_temple_ecumenical_triangle
Lair:1:   layout_gridlike, serial_bayou_shore_b, grunt_megastairs_2
Lair:2:   layout_regular_city, nicolae_swamp_entry_spooky,
          ebering_ghost_reflecting_pool, minmay_hedge_maze,
          small_statue_intersection
Lair:3:   layout_hall_layers, hellmonk_spider_entry_life_and_decay,
          portal_ice_cave_entry_pillars_2
Lair:4:   layout_regular_city, ebering_ghost_rock_garden,
          pdpol_lair_cabin_in_the_woods
Lair:5:   hangedman_lair_tendril_chambers, layout_regular_city,
          hangedman_lair_caniforms_friends, slime_entry_1, minivault_11,
          serial_bayou_crossing, uniq_snorg

Skill      XL: |  1  2  3  4  5  6  7  8  9 10 11 12 13 |
---------------+----------------------------------------+-----
Shields        | 4 5 |  5.0
Armour         | 4 5 6 |  6.0
Fighting       | 4 6 9 12 15 17 | 17.0
Axes           | 3 4 5 6 8 9 12 15 16 | 16.0
Throwing       | 6 9 10 | 10.0
Invocations    | 6 9 10 | 10.0
Evocations     | 1 8 |  8.7

Action                     |  1- 3 |  4- 6 |  7- 9 | 10-12 | 13-15 || total
---------------------------+-------+-------+-------+-------+-------++-------
  Melee: War axe           |    74 |   164 |   232 |   585 |    46 ||  1101
         Headbutt          |     7 |    16 |    56 |   145 |    32 ||   256
         Broad axe         |       |       |       |       |   101 ||   101
         Scimitar          |       |       |       |       |     6 ||     6
  Throw: Dart              |       |       |     6 |    30 |       ||    36
         Javelin           |       |       |       |     1 |       ||     1
 Invoke: Greater Servant o |       |       |       |     1 |       ||     1
         Major Destruction |       |       |       |       |     5 ||     5
Ability: Evoke the Staff o |       |       |       |     1 |     1 ||     2
  Evoke: Wand              |       |       |       |       |     2 ||     2
    Use: Scroll            |       |     9 |     4 |     9 |     5 ||    27
         Potion            |       |     1 |     3 |     7 |     4 ||    15
 Armour: Scale mail        |    30 |       |       |       |       ||    30
         Chain mail        |       |   100 |   108 |    10 |       ||   218
         Acid dragon scale |       |       |       |   145 |    53 ||   198
  Dodge: Dodged            |    40 |    73 |    80 |   188 |    52 ||   433
         Repelled          |       |       |     1 |     3 |       ||     4
  Block: Buckler           |    26 |    35 |    71 |   178 |    65 ||   375
